 Dungeon Crawl Stone Soup version 0.32-a0-814-g0968bab981 (webtiles) character file.

Game seed: 816844863571424337

4822 runemasterragnar the Skirmisher (level 10, 0/124 HPs)
             Began as a Coglin Hunter on Mar 22, 2024.
             Was a Follower of Okawaru.
             Succumbed to a gnoll sergeant's poison
             ... on level 9 of the Dungeon.
             The game lasted 00:12:58 (9235 turns).

runemasterragnar the Skirmisher (Coglin Hunter)     Turns: 9235, Time: 00:12:59

Health: 0/124      AC: 25    Str: 10 (11) XL:     10   Next: 48%
Magic:  10/10      EV:  2    Int:  8 (10) God:    Okawaru [*.....]
Gold:   346        SH:  0    Dex: 20 (21) Spells: 9/9 levels left

rFire   . . .        a - +2 sling (drain) {Mei}
rCold   . . .        d - +0 sling (flame) {Suthep}
rNeg    . . .        z - melded +3 leather armour of the Accordion {Int+2}
rPois   +            (helmet currently unavailable)
rElec   .            (cloak currently unavailable)
rCorr   .            D - melded +0 pair of gloves
SInv    .            E - melded +0 pair of boots
Will    .....        (no amulet)
Stlth   ++           (no ring)
HPRegen 0.40/turn    (no ring)
MPRegen 0.12/turn    (no gizmo)

%: no passive effects
@: mighty, lethally poisoned (0 -> -3), tree-form (expiring), on berserk
cooldown, slowed, invisible, very slow
A: stationary, stasis, torment immunity, boosted hp, off-hand wielding, slow
wielding, warmup strikes, (no jewellery)
a: Invent Gizmo, Renounce Religion, Heroism


You were on level 9 of the Dungeon.
You worshipped Okawaru.
Okawaru was aware of your devotion.
You were a tree.
You visited 2 branches of the dungeon, and saw 12 of its levels.

You collected 514 gold pieces.
You spent 168 gold pieces at shops.

Inventory:

Hand Weapons
 a - a +2 sling of draining (weapon) {Mei}
 d - a +0 sling of flaming (offhand) {Suthep}
Armour
 c - a +1 leather armour
 y - a scarf of shadows
 z - the +3 leather armour of the Accordion (melded) {Int+2}
   (You found it on level 5 of the Dungeon)

   Int+2:     It affects your intelligence (+2).
 C - +0 acid dragon scales
 D - a +0 pair of gloves (melded)
 E - a +0 pair of boots (melded)
Wands
 l - a wand of quicksilver (4)
 v - a wand of warping (2)
 w - a wand of flame (3)
Scrolls
 b - a scroll of butterflies
 f - a scroll of amnesia
 i - 4 scrolls of teleportation
 k - a scroll of enchant armour
 m - a scroll of poison {unknown}
 n - a scroll of vulnerability
 t - a scroll of brand weapon
 B - a scroll of immolation
 F - a scroll of enchant weapon {unknown}
Potions
 g - a potion of might
 j - 2 potions of haste
 o - 4 potions of brilliance
 s - a potion of mutation
 x - a potion of enlightenment {unknown}
 A - a potion of attraction


   Skills:
 + Level 9.1 Fighting
 * Level 11.8 Ranged Weapons
 - Level 1.7 Dodging
 - Level 0.7 Stealth


You had 9 spell levels left.
You didn't know any spells.
Your spell library contained the following spells:

 Spells                   Type           Power      Damage    Failure   Level
 Apportation              Tloc           0%         N/A       41%         1
 Necrotise                Necr           0%         1d4       41%         1
 Slow                     Hex            0%         N/A       41%         1
 Sting                    Conj/Alch      0%         1d3       41%         1
 Ensorcelled Hibernation  Hex/Ice        0%         N/A       54%         2
 Sublimation of Blood     Necr           0%         N/A       54%         2
 Confusing Touch          Hex            0%         N/A       78%         3
 Passwall                 Erth           0%         N/A       78%         3
 Swiftness                Air            0%         N/A       78%         3
 Vampiric Draining        Necr           0%         2d6       78%         3
 Vhi's Electric Charge    Tloc/Air       0%         N/A       99%         4
 Arcjolt                  Conj/Air       0%         1d10      100%        5
 Maxwell's Capacitive Co  Air            0%         ∞         100%        8
 Summon Small Mammal      Summ           Unusable   N/A       N/A         1
 Call Imp                 Summ           Unusable   N/A       N/A         2
 Summon Hydra             Summ           Unusable   N/A       N/A         7

Dungeon Overview and Level Annotations

Branches:
Dungeon (11/15)            Temple (1/1) D:6            Lair (0/5) D:11
    Orc: D:9-12

Altars:
Ashenzari
Cheibriados
Elyvilon
Fedhas
Gozag
Hepliaklqana
Kikubaaqudgha
Nemelex Xobeh
Okawaru
Qazlal
Ru
Sif Muna
Trog
Uskayaw
Vehumet
Wu Jian
Xom
Yredelemnul
Zin
The Shining One
Beogh

Shops:
D:6 =((?   D:7 [

Annotations:
D:8 3 runed translucent doors, Pifto's ghost, novice MDFi


Innate Abilities, Weirdness & Mutations

You are a tree.
Your roots penetrate the ground, keeping you stationary.
You cannot be teleported.
You are immune to unholy pain and torment.
Your maximum health is greatly increased.
Your equipment is partially melded.
You can wield a second weapon in your off-hand.
It takes a long time for you to wield or remove held weapons.
Your first few attacks do less damage.
((You cannot equip rings or amulets.))


Message History

* * * LOW HITPOINT WARNING * * *
You feel very sick.
It was a potion of lignification.
You turn into a tree.
Your +0 pair of gloves melds into your body.
Your +0 pair of boots melds into your body.
The +3 leather armour of the Accordion {Int+2} melds into your body.
Your roots penetrate the ground.
* * * LOW HITPOINT WARNING * * *
You feel very sick.
An orc warrior comes into view. It is wielding a +0 dire flail.
It was a potion of berserk rage.
A red film seems to cover your vision as you go berserk!
You feel yourself moving faster!
You feel mighty!
* * * LOW HITPOINT WARNING * * *
You feel very sick.
The orc warrior shouts!
The orc warrior unwields a +0 dire flail.
The orc warrior wields a +0 orcbow.
The orc warrior shoots an arrow.
The arrow barely misses you.
Unknown command.
You are too berserk!
You are too berserk!
You are too berserk!
You feel a strong urge to attack something.
* * * LOW HITPOINT WARNING * * *
You feel sick.
You feel sick.
You feel your anger nearly subside.
You are no longer berserk.
You are exhausted.
You feel yourself slow down.
* * * LOW HITPOINT WARNING * * *
You feel sick.
You feel very mighty all of a sudden.
* * * LOW HITPOINT WARNING * * *
You feel sick.
An orc wizard comes into view. It is wielding a +0 dagger.
A centaur comes into view. It is wielding a +0 mace.
It was a potion of invisibility.
You fade into invisibility!
Your transformation is almost over.
You die...

#........###...(......#
#####.................###
#...............))..######
#.........#####...........
#.........# ###...##.#..
#.........#######...##...#
#.........#............#..
##.######...%.....####...#
#..######♣#............#).
#................####....#
#..####.....####.# #..#..
#..# ##.g.## #.# #....#
#..# ##F## #.# ##.#..
#..## #.# ##.# #...#
#...## +#o#' ##..# #.#..
#....###.co###...### #...#
#.....†).ß.........#######


You could see an orc warrior (unable to see you), a gnoll sergeant (unable to
see you), a bullfrog (unable to see you), a centaur (unable to see you) and an
orc wizard (unable to see you).

Vanquished Creatures
  Maurice (D:8)
  A komodo dragon (D:11)
  An unseen horror (D:11)
  A kobold demonologist (D:9)
  A yak (D:9)
  A vampire mosquito (D:9)
  2 acid dragons
  An orc warrior (D:11)
  2 ice beasts
  2 black bears (D:6)
  3 ogres
  3 centaurs
  2 kobold brigands
  A phantom (D:6)
  2 bullfrogs
  A weeping skull (D:8)
  A scorpion (D:4)
  3 wights (D:9)
  9 killer bees
  4 howler monkeys
  2 bombardier beetles
  6 jellies
  4 orc priests
  5 hounds
  2 gnoll boudas (D:8)
  3 sleepcaps
  3 iguanas
  2 orc wizards
  15 gnolls
  2 adders
  A white imp (D:6)
  2 ufetubi (D:5)
  3 dart slugs
  A ribbon worm (D:2)
  16 orcs
  5 bats
  6 endoplasms
  2 giant cockroaches
  11 goblins
  10 hobgoblins
  4 jackals (D:2)
  17 kobolds
  2 quokkas
  8 ball pythons
  5 rats
  A spectral orc (D:8)
180 creatures vanquished.

Notes
Turn   | Place    | Note
-------+----------+-------------------------------------------
     0 | D:1      | runemasterragnar the Coglin Hunter began the quest for the
                  | Orb.
     0 | D:1      | Reached XP level 1. HP: 16/16 MP: 1/1
    98 | D:1      | Reached XP level 2. HP: 22/22 MP: 2/2
   183 | D:1      | Reached skill level 4 in Ranged Weapons
   410 | D:1      | Reached XP level 3. HP: 28/28 MP: 3/3
   731 | D:2      | Found a faded altar of an unknown god.
  1193 | D:2      | Reached XP level 4. HP: 21/34 MP: 4/4
  2487 | D:4      | Reached skill level 5 in Ranged Weapons
  2487 | D:4      | Reached XP level 5. HP: 40/41 MP: 5/5
  2622 | D:4      | Reached XP level 6. HP: 37/48 MP: 6/6
  3068 | D:4      | Found a sparkling altar of Nemelex Xobeh.
  3107 | D:5      | Entered Level 5 of the Dungeon
  3282 | D:5      | Reached skill level 6 in Ranged Weapons
  3571 | D:5      | Reached XP level 7. HP: 55/55 MP: 7/7
  3960 | D:5      | Identified the +3 leather armour of the Accordion {Int+2}
  4196 | D:5      | Reached skill level 5 in Fighting
  4196 | D:5      | Reached skill level 7 in Ranged Weapons
  4319 | D:6      | Found Tofaist's Weapon Emporium.
  4393 | D:6      | Reached XP level 8. HP: 48/63 MP: 8/8
  4463 | D:6      | Found a faded altar of an unknown god.
  4463 | D:6      | Found a broken altar of Ashenzari.
  4471 | D:6      | Found a sacrificial altar of Ru.
  4473 | D:6      | Found a hide-covered altar of Uskayaw.
  4475 | D:6      | Found a faded altar of an unknown god.
  4521 | D:6      | Found Oblin's Jewellery Emporium.
  4556 | D:6      | Found a blossoming altar of Fedhas.
  4705 | D:6      | Reached skill level 8 in Ranged Weapons
  4722 | D:6      | Found Wuttiaj's Antique Weapon Boutique.
  5060 | D:6      | Found Vaco's Magic Scroll Emporium.
  5063 | D:6      | Bought 2 scrolls of identify for 48 gold pieces
  5063 | D:6      | Bought a scroll of identify for 24 gold pieces
  5063 | D:6      | Bought a scroll of identify for 24 gold pieces
  5067 | D:6      | Bought a scroll of teleportation for 36 gold pieces
  5067 | D:6      | Bought a scroll of teleportation for 36 gold pieces
  5148 | D:6      | Found a staircase to the Ecumenical Temple.
  5370 | D:7      | Found Engutana's Armour Boutique.
  5522 | D:7      | Found a shimmering blue altar of Sif Muna.
  5735 | D:7      | Reached skill level 9 in Ranged Weapons
  6044 | D:8      | Reached XP level 9. HP: 71/71 MP: 9/9
  6099 | D:8      | Noticed Pifto's ghost (novice MDFi)
  6108 | D:8      | Found a runed translucent gate.
  6108 | D:8      | Found a runed translucent gate.
  6137 | D:8      | Found a runed translucent gate.
  6144 | D:8      | You fall into a shaft and drop 3 floors!
  6153 | D:11     | Found a roughly hewn altar of Beogh.
  6153 | D:11     | Noticed an orc knight
  6229 | D:11     | Noticed a komodo dragon
  6238 | D:11     | Killed a komodo dragon
  6382 | D:11     | Killed an unseen horror
  6383 | D:11     | Reached skill level 10 in Ranged Weapons
  6486 | D:11     | Found a staircase to the Lair.
  6545 | D:10     | Entered Level 10 of the Dungeon
  7096 | D:8      | Noticed Maurice
  7118 | D:8      | Something stole 322 gold
  7149 | D:8      | Killed Maurice
  7259 | Temple   | Entered the Ecumenical Temple
  7269 | Temple   | Became a worshipper of Warmaster Okawaru
  7441 | D:8      | Found a basalt altar of Yredelemnul.
  7541 | D:8      | Reached XP level 10. HP: 80/80 MP: 10/10
  7693 | D:9      | Reached skill level 11 in Ranged Weapons
  8925 | D:9      | Reached * piety under Okawaru
  9104 | D:9      | Noticed a kobold demonologist
  9115 | D:9      | Killed a kobold demonologist
  9230 | D:9      | HP: 8/186 [poisoned by a gnoll sergeant]
  9233 | D:9      | HP: 3/124 [poisoned by a gnoll sergeant]
  9235 | D:9      | Succumbed to a gnoll sergeant's poison

Illustrated notes

Levels and vault maps discovered:
D:1:      dpeg_arrival_stone_temple_mockup, layout_basic
D:2:      layout_loops_ring, basic_ecumenical_altar, serial_aquarium,
          aquarium_bridge_square [aquarium_subvault_balcony,
          aquarium_subvault_bridge, aquarium_subvault_bridge,
          aquarium_subvault_bridge], aquarium_bridge_island_small
          [aquarium_subvault_small_water, aquarium_subvault_wall,
          aquarium_subvault_bridge, aquarium_subvault_window,
          aquarium_subvault_bridge], aquarium_window_corridor_1,
          aquarium_window_fake, aquarium_view_2c, aquarium_view_2b,
          aquarium_balcony_3b, aquarium_pool_split
D:3:      layout_loops_corners, corexii_hall_statues_t,
          hangedman_abyss_or_decor_lesser_grid, minmay_misc_feat_tower,
          minmay_bisected
D:4:      layout_loops_ring, nemelex_diamond_rough_becter,
          lexackson_kobold_supper, uniq_blork_the_orc
D:5:      layout_loops_ring, chequers_mini_garden
D:6:      nicolae_BIG_FREAKIN_CUBE, layout_basic,
          chequers_temple_overflow_minitemple, kennysheep_little_box,
          minmay_temple_entry_crystal_x, serial_shops,
          nicolae_inconvenience_store, nicolae_shop_rolled_up,
          nicolae_shop_crystal, shop
D:7:      layout_basic, mainiacjoe_overflow_cross_hatched, serial_shops,
          nicolae_shop_pleasant_corner_grove
D:8:      layout_loops_ring, yredelemnul_forgotten_temple_becter,
          gammafunk_ghost_split, uniq_maurice
D:9:      cheibrodos_barr_body, layout_basic, minmay_misc_feat_pillars
D:10:     minmay_the_grid_octo_2x2 [minmay_the_grid_octo_shrine,
          minmay_the_grid_octo_toaster, minmay_the_grid_octo_tetromino_candy,
          minmay_the_grid_octo_prize_square_snowflake], layout_basic,
          makhleb_altar_promises_db, mainiacjoe_overflow_paths,
          hangedman_corner_corridor
D:11:     layout_roguey [special_room_orc], lair_entry_dummy
Temple:   nicolae_temple_god_jail

Skill      XL: |  1  2  3  4  5  6  7  8  9 10 |
---------------+-------------------------------+-----
Ranged Weapons | 4 5 6 7 9 10 11 | 11.8
Fighting       | 3 4 5 6 8 9 |  9.1
Dodging        | |  1.7
Stealth        | |  0.7

Action                     |  1- 3 |  4- 6 |  7- 9 | 10-12 || total
---------------------------+-------+-------+-------+-------++-------
  Melee: Sling             |       |       |       |     8 ||     8
   Fire: Sling             |   192 |   208 |   524 |   194 ||  1118
  Evoke: Wand              |       |     1 |    20 |    10 ||    31
    Use: Scroll            |       |       |    16 |     3 ||    19
         Potion            |       |       |       |    10 ||    10
 Armour: Leather armour    |    15 |    18 |   127 |   100 ||   260
  Dodge: Dodged            |    18 |    15 |    52 |    55 ||   140

Table legend: (Time is in decaauts)
 A = Elapsed time spent in this place.
 B = Non-inter-level travel time spent in this place.
 C = Inter-level travel time spent in this place.
 D = Time resting spent in this place.
 E = Time spent auto-exploring this place.
 F = Levels seen in this place.
 G = Mean time per level.
                   A        B        C        D        E       F      G
               +--------+--------+--------+--------+--------+-----+--------+
         Total |   9287 |   8913 |    374 |   1752 |   5840 |  12 |  773.9 |
       Dungeon |   9267 |   8903 |    364 |   1752 |   5840 |  11 |  842.5 |
        Temple |     19 |     10 |      9 |      0 |      0 |   1 |   19.0 |
               +--------+--------+--------+--------+--------+-----+--------+

Top non-repeatable levels by time:
     D:8: 1927 daAuts
     D:5: 1191 daAuts
     D:6: 1005 daAuts
     D:3: 903 daAuts
     D:2: 878 daAuts
     D:7: 841 daAuts
     D:9: 752 daAuts
     D:1: 712 daAuts
     D:4: 646 daAuts
    D:11: 399 daAuts
  Temple: 19 daAuts
    D:10: 8 daAuts
